 Dungeon Crawl Stone Soup version 0.21-a0-91-ga5031da (webtiles) character file.

33950943 4thArraOfDagon the Feline Aeon (level 27, 149/149 HPs)
             Began as a Felid Ice Elementalist on June 27, 2017.
             Was the Champion of Cheibriados.
             Escaped with the Orb
             ... and 15 runes on June 28, 2017!
             The game lasted 05:46:25 (43362 turns).

4thArraOfDagon the Feline Aeon (FeIE)              Turns: 43362, Time: 05:46:26

Health: 149/149    AC:  3    Str: 21    XL:     27
Magic:  49/50      EV: 50    Int: 44    God:    Cheibriados [******]
Gold:   3164       SH:  4    Dex: 35    Spells: 10/50 levels left
                                        Lives:  2   Deaths: 6

rFire    + . .     SeeInvis +     - Unarmed
rCold    + + .     Gourm    .   (shield unavailable)
rNeg     . . .     Faith    .   (armour unavailable)
rPois    +         Spirit   .   (helmet unavailable)
rElec    .         Reflect  .   (cloak unavailable)
rCorr    .         Harm     .   (gloves unavailable)
MR       ++++.                  (boots unavailable)
Stlth    ++++......             D - amulet of regeneration
HPRegen  0.74/turn              T - ring "Uwnur" {*Drain +Fly rF+ EV+3}
MPRegen  0.32/turn              v - ring of Qexemosch {rC+ MP+9 Int+2 Dex+3}

@: deflect missiles, very slow
A: no armour, no weapons or thrown items, stealth, claws 1, fangs 3, large bone
plates 1, see invisible, carnivore 3, dopey 1, speed 1, poison resistance,
shaggy fur 3, slow metabolism 1, strong 1, wild magic 1, sharp paws
0: Orb of Zot
}: 15/15 runes: decaying, slimy, silver, golden, iron, obsidian, icy, bone,
abyssal, demonic, glowing, magical, fiery, dark, gossamer
a: Bend Time, Temporal Distortion, Slouch, Step From Time, Renounce Religion,
Evoke Flight


You escaped.
You worshipped Cheibriados.
Cheibriados was exalted by your worship.
You were not hungry.

You visited 18 branches of the dungeon, and saw 90 of its levels.
You visited Pandemonium 4 times, and saw 35 of its levels.
You visited the Abyss 4 times.
You visited 2 ziggurats, and saw 12 of their levels (deepest: 10).
You also visited: Labyrinth and Ice Cave.

You collected 5434 gold pieces.
You spent 2270 gold pieces at shops.

Inventory:

Jewellery
 f - the ring "Pidwon" {*Tele +Inv rF+ rC+ Int+4}
   (You took it off a deep elf archer on level 3 of the Elven Halls)

   [ring of teleportation]

   It may teleport you next to monsters.
   It affects your intelligence (+4).
   It protects you from fire.
   It protects you from cold.
   It lets you turn invisible.
 v - the ring of Qexemosch (right paw) {rC+ MP+9 Int+2 Dex+3}
   (You found it on level 1 of the Abyss)

   [ring of intelligence]

   It affects your intelligence (+2).
   It affects your dexterity (+3).
   It protects you from cold.
   It affects your magic capacity (+9).
 D - an amulet of regeneration (around neck)
 F - an uncursed ring of positive energy
 G - an uncursed ring of protection from fire
 I - the ring "Opypsir" {rN+ Int+4 Dex-4 SInv}
   (You found it in a labyrinth)

   [ring of positive energy]

   It affects your intelligence (+4).
   It affects your dexterity (-4).
   It protects you from negative energy.
   It lets you see invisible.
 T - the ring "Uwnur" (left paw) {*Drain +Fly rF+ EV+3}
   (You bought it in a shop on level 2 of the Orcish Mines)

   [ring of evasion]

   It affects your evasion (+3).
   It protects you from fire.
   It lets you fly.
   It causes draining when unequipped.
 Y - the ring "Ipebiry" {rCorr +Inv rPois Int+4 SInv}
   (You acquired it on level 13 of the Dungeon)

   [ring of resist corrosion]

   It affects your intelligence (+4).
   It protects you from poison.
   It lets you see invisible.
   It lets you turn invisible.
Wands
 s - a wand of clouds (7/9)
 u - a wand of digging (14/24)
 y - a wand of enslavement (14/24)
 z - a wand of clouds (4/9)
 Z - a wand of iceblast (3/15)
Scrolls
 a - 4 scrolls of blinking
 d - 6 scrolls of recharging
 e - 19 scrolls of remove curse
 m - 5 scrolls of teleportation
 t - 5 scrolls of fog
 x - 4 scrolls of summoning
 H - 2 scrolls of amnesia
 K - a scroll of magic mapping
 N - a scroll of fear
 Q - 4 scrolls of holy word
 U - 3 scrolls of silence
Potions
 h - 9 potions of cancellation
 i - 10 potions of ambrosia
 k - 3 potions of mutation
 o - 7 potions of heal wounds
 p - 5 potions of magic
 r - 9 potions of might
 B - 7 potions of brilliance
 E - 3 potions of invisibility
 P - 13 potions of curing
 R - 7 potions of agility
 V - 3 potions of resistance
 X - 2 potions of flight
Miscellaneous
 g - a phial of floods
 j - 3 phantom mirrors
 n - 2 boxes of beasts
 q - a crystal ball of energy
 M - a lightning rod (4/4)
 W - a fan of gales
Comestibles
 b - 27 meat rations
 l - 2 royal jellies


   Skills:
 O Level 27 Fighting
 O Level 27 Dodging
 - Level 24.0 Stealth
 - Level 22.1 Unarmed Combat
 - Level 12.0 Spellcasting
   Level 0.8 Conjurations
 - Level 5.6 Hexes
 - Level 7.0 Charms
 - Level 3.0 Necromancy
 - Level 16.8 Translocations
 - Level 10.2 Transmutations
 - Level 4.2 Ice Magic
 - Level 3.8 Air Magic
 - Level 10.1 Earth Magic
 O Level 27 Invocations
 + Level 24.7 Evocations


You had 10 spell levels left.
You knew the following spells:

 Your Spells              Type           Power        Failure   Level  Hunger
a - Statue Form           Tmut/Erth      ########.    4%          6    ##.....
b - Ozocubu's Armour      Chrm/Ice       #######.     1%          3    None
c - Controlled Blink      Tloc           N/A          11%         8    ######.
d - Lee's Rapid Deconstr  Erth           #######...   1%          5    None
e - Passwall              Tmut/Erth      ########..   1%          2    None
f - Blink                 Tloc           N/A          1%          2    None
g - Regeneration          Chrm/Necr      #######...   1%          3    None
h - Deflect Missiles      Chrm/Air       #######...   26%         6    ##.....
i - Silence               Hex/Air        ######....   7%          5    None


Dungeon Overview and Level Annotations

Branches:
Dungeon (15/15)            Temple (1/1) D:5            Lair (6/6) D:10
  Swamp (4/4) Lair:4       Spider (4/4) Lair:3        Slime (5/5) Lair:5
    Orc (2/2) D:9             Elf (3/3) Orc:2        Vaults (5/5) D:13
  Crypt (3/3) Vaults:3       Tomb (3/3) Crypt:3      Depths (5/5) D:15
   Hell (1/1)                 Dis (7/7) Hell            Geh (7/7) Hell
    Coc (7/7) Hell            Tar (7/7) Hell            Zot (5/5) Depths:5

Altars:
Ashenzari
Cheibriados
Dithmenos
Elyvilon
Fedhas
Gozag
Hepliaklqana
Kikubaaqudgha
Makhleb
Nemelex Xobeh
Okawaru
Qazlal
Ru
Sif Muna
Trog
Uskayaw
Vehumet
Wu Jian
Xom
Yredelemnul
Zin
The Shining One
Jiyva

Shops:
D:9 [   Orc:2 *[=(   Elf:1 :*   Elf:2 =}=:   Depths:1 *}   Depths:3 *
Depths:4 (*[

Portals:
Hell: Depths:4
Abyss: Depths:4
Pandemonium: Depths:1 Depths:5

Annotations:
D:7 4thArraOfDagon's ghost, novice FeIE
D:12 exclusion: oklob plant
Lair:5 exclusions: catoblepas, rime drake and 1 more exclusion
Elf:2 3 runed doors
Elf:3 exclusion: Roxanne, Roxanne
Crypt:2 Saint Roka
Hell exclusion: ice statue
Dis:7 Dispater
Geh:7 Asmodeus
Coc:7 Antaeus
Tar:7 Ereshkigal; Serpent of Hell


Innate Abilities, Weirdness & Mutations

You cannot wear armour.
You are incapable of wielding weapons or throwing items.
Your paws allow you to move quietly. (Stealth)
You have sharp claws.
You have razor-sharp teeth.
You have supernaturally acute eyesight. (SInv)
You are carnivorous and can eat meat at any time.
You cover ground quickly.
Your thick and shaggy fur keeps you warm. (AC +3, rC+)
You have a slow metabolism.
Your sharp claws are effective at attacking unaware monsters.
You are partially covered in large bone plates. (SH +4)
You are dopey. (Int -2)
Your system is resistant to poisons. (rPois)
Your muscles are strong. (Str +2)
Your spells are a little harder to cast, but a little more powerful.


Message History

Confirm with . or Enter, or press ? or * to list all spells.
Which direction?
You begin to meditate on the wall.
You continue meditating on the rock. x3
You finish merging with the rock.
Unknown command.
You are no longer corroded.
A lorocyproca comes into view.
Casting: Passwall
Confirm with . or Enter, or press ? or * to list all spells.
Which direction?
The lorocyproca gives a chilling moan.
You begin to meditate on the wall.
You continue meditating on the rock. x2
You block the lorocyproca's attack.
You finish merging with the rock.
Unknown command.
Unknown command.
Inscribe which item? (? for menu, Esc to quit)
Okay, then.
Unknown command.
You have escaped!

................#.#.#.# #...
######.##.....#...#.#.########...
#............#...#.#.##.....#...
#.....##...........#.##.....#...
#....###...###...###.##.....#.4.
#....#...........2.#.##...^.#...
#....#.............#.##.....####
##.......###...###....##.....####
.'.......#......@#...............
##.......#.......#...###.....####
....††#.............## #######
#.##.##......#......#
#.##†##.............##
..##.#...#.......#...# ###
####.#...#>......#...## ##..
..#...###...###....##### #...
####..)..........#.....# #...


There were no monsters in sight!

Vanquished Creatures
  the Royal Jelly (Slime:5)
  10 pandemonium lords
  Gloorx Vloq (Pan)
  A seraph (Zot:5)
  Khufu (Tomb:3)
  3 orbs of fire
  Mara (Swamp:3)
  Mennas (Pan)
  A juggernaut (Zig:4)
  15 ancient liches
  Sojobo (Vaults:3)
  14 greater mummies
  Boris (Crypt:2)
  7 shard shrikes (Coc:7)
  the Lernaean hydra (Swamp:4)
  2 Killer Klowns (Zot:5)
  3 golden dragons
  A curse toe (Zot:1)
  3 profane servitors
  Geryon (Hell)
  10 bone dragons
  Jory (Crypt:2)
  A pearl dragon (Pan)
  2 electric golems (Zot:5)
  Jorgrun (Elf:3)
  2 iron giants (Dis:7)
  19 Ice Fiends
  A shard shrike zombie (Crypt:1)
  25 Tzitzimimeh
  3 doom hounds
  9 Brimstone Fiends
  A shard shrike skeleton (Crypt:1)
  8 tentacled monstrosities
  A hellephant (Abyss:3)
  4 titans
  27 Orb Guardians
  6 Hell Sentinels
  10 liches
  4 deep elf blademasters
  8 quicksilver dragons
  31 Executioners
  17 acid blobs
  A death cob (Zot:3)
  2 deep elf master archers (Elf:3)
  An eldritch tentacle (Geh:1)
  9 ancient champions
  5 tentacled starspawn
  Murray (Hell)
  7 sphinxes
  Gastronok (D:11)
  Donald (Swamp:3)
  7 shadow dragons
  2 thorn hunters
  7 tengu reavers
  5 storm dragons
  A nagaraja (Zig:5)
  8 warmongers
  7 azure jellies
  3 draconian monks
  4 revenants
  A fire giant (shapeshifter) (Vaults:5)
  8 frost giants
  Aizul (Swamp:3)
  4 blood saints (Pan)
  10 daevas (Pan)
  3 draconian knights
  10 deep elf sorcerers
  5 fire giants
  4 draconian scorchers
  18 vault wardens
  6 emperor scorpions (Spider:4)
  6 ghost moths
  6 deep elf elementalists
  14 cacodemons
  8 iron dragons
  Louise (D:14)
  26 balrugs
  5 draconian shifters
  2 orc warlords
  A juggernaut zombie (Crypt:2)
  10 ghouls
  57 reapers
  13 ironheart preservers
  A spriggan defender (Depths:5)
  13 very ugly things
  4 draconian stormcallers
  19 angels
  2 curse skulls (Pan)
  4 draconian annihilators
  14 stone giants
  4 elemental wellsprings
  2 entropy weavers (Spider:2)
  15 war gargoyles
  15 ophanim (Pan)
  12 black suns
  6 yellow draconians
  3 deep elf demonologists
  6 corrupters (Pan)
  8 lorocyprocas
  5 vampire knights
  4 green draconians
  15 deep elf annihilators
  10 apis (Pan)
  4 red draconians
  8 bennus
  3 purple draconians
  4 black draconians
  A spark wasp (Spider:4)
  5 white draconians
  12 ettins
  27 mummy priests
  13 green deaths (Pan)
  3 crystal guardians (Crypt:3)
  3 eidola
  7 jiangshi
  The ghost of skittles the Slinger, a journeyman HaHu of Okawaru (IceCv)
  3 quicksilver dragon zombies
  4 fire dragons
  The ghost of namelastname112 the Destroyer, a journeyman DrCj of Sif Muna (D:11)
  7 deep elf death magi
  7 death oozes
  13 deep elf high priests
  Josephine (D:10)
  28 blizzard demons
  The ghost of Qrupt the Protected, a journeyman DgWn (IceCv)
  5 great orbs of eyes
  A minotaur (Lab)
  11 yaktaur captains
  4 ogre magi
  2 kraken zombies
  36 vault guards
  18 hydras
  6 rakshasas
  2 spriggan air magi
  5 ghost crabs
  6 monstrous demonspawn (Pan)
  2 naga warriors (Zig:5)
  16 ice dragons
  A hell beast (Pan)
  2 quicksilver dragon skeletons
  6 death knights
  An anaconda (Zig:5)
  An anaconda (shapeshifter) (Vaults:5)
  19 two-headed ogres
  7 centaur warriors
  26 dancing weapons
  2 alligators
  A tengu warrior (D:11)
  A deep troll earth mage (Depths:5)
  8 hell hogs
  A deep troll shaman (Vaults:2)
  69 death scarabs
  6 orc high priests
  4 vampire magi
  2 spriggan berserkers (Depths:5)
  2 titan zombies (Crypt:3)
  35 hell knights
  5 thrashing horrors
  8 spriggans
  52 sun demons
  49 soul eaters
  2 storm dragon zombies
  18 deep elf knights
  4 titan skeletons
  5 wretched stars
  5 iron golems
  10 shadow wraiths
  100 skeletal warriors
  7 cherubim (Pan)
  2 spatial maelstroms (Abyss:3)
  5 anaconda zombies
  4 storm dragon skeletons
  6 iron trolls (Dis:7)
  17 sixfirhies
  6 wizards
  16 shadow demons
  A death drake (Tar:7)
  5 unseen horrors
  16 deep trolls
  A quicksilver dragon simulacrum (Coc:4)
  A spectral iron dragon (Zig:8)
  A naga ritualist (Zig:5)
  7 glowing orange brains
  6 torturous demonspawn (Pan)
  A shambling mangrove (Swamp:3)
  4 golden dragon zombies
  2 spriggan druids (Swamp:4)
  3 shadow dragon zombies
  3 gelid demonspawn (Pan)
  An iron dragon zombie (Geh:5)
  15 swamp dragons
  9 flayed ghosts
  2 starcursed masses (Abyss:1)
  16 phantasmal warriors
  15 ironbrand convokers
  9 orc knights
  2 golden dragon skeletons
  17 deep elf archers
  7 infernal demonspawn (Pan)
  6 orb spiders
  44 deep elf magi
  5 anaconda skeletons
  A mana viper (Zig:5)
  18 necromancers
  3 wolf spider zombies
  3 fire giant zombies
  A mana viper (shapeshifter) (Vaults:5)
  3 worldbinders
  3 manticores
  3 shining eyes
  6 cyclopes
  An oklob plant (D:12)
  15 wolf spiders
  4 orc sorcerers
  A wolf spider (shapeshifter) (Elf:1)
  A sphinx skeleton (Zig:9)
  4 frost giant zombies
  34 ugly things
  3 dire elephant zombies
  2 iron dragon skeletons
  2 shadow dragon skeletons
  11 moths of wrath
  11 stone giant skeletons
  3 stone giant zombies
  17 rust devils
  3 frost giant skeletons
  A titan simulacrum (Coc:7)
  A torpor snail (Spider:2)
  11 vault sentinels
  7 elephants (Lair:3)
  4 guardian serpents
  A naga mage (D:15)
  A water nymph (shapeshifter) (Depths:5)
  4 black mambas
  7 fire giant skeletons
  2 gargoyles
  23 orange demons
  2 shock serpent zombies
  A torpor snail (shapeshifter) (D:13)
  2 eyes of devastation (Slime:5)
  A black draconian zombie (Geh:4)
  A dire elephant skeleton (Pan)
  3 molten gargoyles (Geh:7)
  46 smoke demons
  A green draconian zombie (Geh:4)
  17 hellions
  3 spectral swamp worms (Tar:7)
  8 centaur skeletons
  3 elf zombies
  2 emperor scorpion zombies
  A shock serpent skeleton (Tar:7)
  2 kobold demonologists
  19 spiny frogs
  An ice statue (Zig:7)
  A purple draconian zombie (Tar:4)
  16 demonic crawlers
  2 storm dragon simulacra (Coc:7)
  28 freezing wraiths
  41 yaktaurs
  5 efreet
  41 guardian mummies
  7 komodo dragons
  23 hellwings
  31 tormentors
  4 trolls
  7 anaconda simulacra
  26 ice devils
  9 ancient zymes
  An iron troll skeleton (Crypt:1)
  19 jumping spiders
  A polar bear (Lair:3)
  11 hydra zombies
  2 catoblepas skeletons
  5 tyrant leeches
  A meliai (D:11)
  2 harpy zombies
  16 red devils
  18 hornets
  6 blink frogs
  A silent spectre (Abyss:5)
  3 ettin zombies
  5 bog bodies
  61 slime creatures
  2 alligator zombies
  3 hydra skeletons
  4 fire dragon zombies
  10 raiju
  6 hippogriffs
  105 flying skulls
  A meliai zombie (D:15)
  4 ice dragon zombies
  A stone giant simulacrum (Coc:2)
  52 redbacks
  5 air elementals
  A black mamba zombie (Tomb:3)
  15 tarantellas
  30 shadows
  13 water elementals
  2 spriggan skeletons (Zig:9)
  13 ushabtiu
  A vampire (D:13)
  10 ice dragon skeletons
  A spriggan (shapeshifter) (Vaults:1)
  6 fire dragon skeletons
  26 wraiths
  4 wyverns
  6 ettin skeletons
  5 basilisks
  An alligator skeleton (Coc:7)
  A dire elephant simulacrum (IceCv)
  21 fire elementals
  41 yaks
  8 golden eyes
  A golden eye (shapeshifter) (Elf:1)
  30 chaos spawn
  18 ynoxinuls
  24 neqoxecs
  8 hungry ghosts
  A catoblepas simulacrum (Hell)
  20 vampire mosquitoes
  A human simulacrum (Vaults:1)
  3 spatial vortices
  9 insubstantial wisps
  A merfolk zombie (Geh:6)
  9 swamp worms
  A harpy simulacrum (IceCv)
  2 nagas
  5 wargs
  4 hydra simulacra
  2 floating eyes
  An acid dragon (D:13)
  A floating eye (shapeshifter) (Vaults:5)
  14 porcupines
  10 water moccasins
  30 hell hounds
  A gelid demonspawn skeleton (Crypt:2)
  A hornet zombie (D:10)
  9 spiny frog zombies
  2 manticore zombies
  13 swamp drakes
  5 sky beasts
  2 snapping turtle zombies
  4 spiny frog skeletons
  A fire dragon simulacrum (Abyss:3)
  A merfolk skeleton (Geh:6)
  16 ice beasts
  42 orc warriors
  3 phantoms
  49 large abominations
  3 swamp dragon zombies
  9 eyes of draining
  An ice beast (shapeshifter) (Vaults:1)
  An ice dragon simulacrum (Tar:4)
  26 ogres
  19 necrophages
  2 snapping turtle skeletons (Tar:7)
  17 centaurs
  16 wolves
  12 boggarts
  17 crocodiles
  3 swamp dragon skeletons
  2 manticore skeletons
  A crocodile (shapeshifter) (Vaults:5)
  2 big kobolds
  A wyvern zombie (D:12)
  41 bullfrogs
  A water moccasin zombie (D:5)
  An elf skeleton (Tar:1)
  4 earth elementals
  3 scorpions
  A wyvern skeleton (D:13)
  7 killer bees (D:11)
  A spriggan zombie (Tar:2)
  A swamp dragon simulacrum (Coc:7)
  A manticore simulacrum (Coc:4)
  2 polar bear skeletons
  55 wights
  2 electric eels (Spider:2)
  8 howler monkeys
  18 crimson imps
  12 bullfrog zombies
  9 hounds
  A human zombie (Dis:4)
  3 quasits
  9 centaur zombies
  3 jellies
  27 orc priests
  5 bullfrog skeletons
  20 iron imps
  30 orc wizards
  Jessica (D:2)
  2 iguanas
  15 small abominations
  13 hell rats (Hell)
  7 worker ants
  A crocodile zombie (Crypt:2)
  An ogre zombie (Dis:3)
  An acid dragon skeleton (Crypt:1)
  4 hound zombies
  A tengu skeleton (Tar:4)
  A dwarf skeleton (Crypt:1)
  2 hound skeletons (D:5)
  46 mummies
  A worker ant zombie (D:10)
  A howler monkey zombie (D:8)
  3 gnolls (D:5)
  A howler monkey skeleton (D:11)
  14 adders
  16 shadow imps
  15 white imps
  4 ufetubi
  An ooze (Abyss:4)
  An adder zombie (Crypt:1)
  An adder skeleton (D:5)
  3 worms
  3 dart slugs
  4 leopard geckos
  90 orcs
  13 giant cockroaches
  11 goblins
  4 hobgoblins
  25 jackals
  5 quokkas
  2 ball pythons
  10 bats
  4 frilled lizards
  A frilled lizard zombie (Crypt:2)
  17 kobolds
  A kobold zombie (Dis:6)
  A leopard gecko skeleton (D:7)
  2 leopard gecko zombies
  2 orc skeletons
  A quokka skeleton (D:4)
  8 rats
  2 crawling corpses (Elf:3)
  A starspawn tentacle (Abyss:4)
3920 creatures vanquished.

Vanquished Creatures (collateral kills)
  3 orb spiders
  A spiny frog (Lair:2)
4 creatures vanquished.

Vanquished Creatures (others)
  3 eldritch tentacles (Pan)
  A ghoul (D:13)
  An elemental wellspring (Coc:7)
  A blood saint (Pan)
  A deep elf annihilator (Pan)
  A yaktaur captain (Vaults:5)
  A great orb of eyes (Vaults:2)
  A hydra (Swamp:4)
  33 death scarabs
  2 sun demons
  A glowing orange brain (Pan)
  A necromancer (Vaults:1)
  4 deep elf magi
  An orb spider (Spider:4)
  A fire giant skeleton (Tomb:2)
  A rust devil (Dis:7)
  A yaktaur (Vaults:5)
  A raiju (shapeshifter) (Vaults:5)
  12 flying skulls
  A shadow (Tar:7)
  A wraith (Dis:7)
  A soldier ant (D:11)
  A swamp drake (Swamp:4)
  A spiny frog skeleton (Coc:5)
  An ettin simulacrum (Tomb:2)
  An iron imp (Dis:7)
  6 mummies
  2 shadow imps
  A white imp (Zig:9)
  2 ball lightnings (Pan)
  7 bushes (D:10)
  19 fungi
  A lurking horror (Abyss:4)
  20 plants
  9 starspawn tentacles
  13 tentacles
  7 withered plants (D:13)
162 creatures vanquished.

Grand Total: 4086 creatures vanquished

Notes
Turn   | Place    | Note
-------+----------+-------------------------------------------
     0 | D:1      | 4thArraOfDagon the Felid Ice Elementalist began the quest for the Orb.
     0 | D:1      | Reached XP level 1. HP: 7/7 MP: 4/4
   264 | D:4      | Noticed an iguana
   313 | D:4      | Noticed an ogre
   344 | D:4      | You fall through a shaft!
   344 | D:5      | Entered Level 5 of the Dungeon
   345 | D:5      | Noticed a hound
   352 | D:5      | Killed a hound
   352 | D:5      | Reached XP level 2. HP: 5/11 MP: 1/6
   352 | D:5      | Reached XP level 3. HP: 7/14 MP: 1/7
   426 | D:5      | Found a staircase to the Ecumenical Temple.
   434 | Temple   | Entered the Ecumenical Temple
   617 | Temple   | Became a worshipper of Cheibriados the Contemplative
   637 | Temple   | Reached XP level 4. HP: 9/18 MP: 5/8
   803 | D:5      | Slain by a worm
   804 | D:5      | Reached XP level 3. HP: -2/15 MP: 5/7
   877 | D:6      | Reached skill level 1 in Unarmed Combat
   877 | D:6      | Reached XP level 4. HP: 12/18 MP: 8/8
   878 | D:6      | Noticed a bullfrog
   879 | D:6      | Noticed a bullfrog
   919 | D:5      | Reached skill level 1 in Fighting
   974 | D:5      | Reached skill level 1 in Invocations
   979 | D:5      | Reached XP level 5. HP: 13/22 MP: 1/9
   983 | D:5      | Noticed an ogre
  1196 | D:3      | Learned a level 3 spell: Ozocubu's Armour
  1408 | D:1      | Reached * piety under Cheibriados
  2322 | D:2      | Reached ** piety under Cheibriados
  2577 | D:2      | Noticed Jessica
  2583 | D:2      | Killed Jessica
  2664 | D:2      | Found a faded altar of an unknown god.
  2948 | D:2      | Gained mutation: You are covered in thick fur. (AC +2) [Felid growth]
  2948 | D:2      | Reached XP level 6. HP: 26/26 MP: 10/10
  3053 | D:3      | Reached *** piety under Cheibriados
  3823 | D:4      | Found a stormy altar of Qazlal.
  3823 | D:4      | Found a basalt altar of Yredelemnul.
  3977 | D:5      | Reached **** piety under Cheibriados
  3995 | D:5      | Reached XP level 7. HP: 17/30 MP: 11/11
  4013 | D:5      | Reached skill level 5 in Stealth
  4655 | D:6      | Reached skill level 5 in Dodging
  4684 | D:6      | Noticed a hungry ghost
  4688 | D:6      | Killed a hungry ghost
  4688 | D:6      | Reached XP level 8. HP: 29/35 MP: 9/12
  4713 | D:6      | Found a sacrificial altar of Ru.
  4771 | D:6      | Reached skill level 5 in Unarmed Combat
  5211 | D:7      | Noticed 4thArraOfDagon's ghost (novice FeIE)
  5285 | D:7      | Noticed a hippogriff
  5304 | D:7      | Killed a hippogriff
  5444 | D:7      | Reached ***** piety under Cheibriados
  5708 | D:8      | Reached XP level 9. HP: 39/39 MP: 13/13
  6076 | D:8      | Found a shimmering altar of Xom.
  6079 | D:8      | Found an iron altar of Okawaru.
  6079 | D:8      | Found a radiant altar of Vehumet.
  6081 | D:8      | Found an ancient bone altar of Kikubaaqudgha.
  6081 | D:8      | Found a white marble altar of Elyvilon.
  6081 | D:8      | Found a blossoming altar of Fedhas.
  6198 | D:9      | Learned a level 5 spell: Blade Hands
  6260 | D:10     | Entered Level 10 of the Dungeon
  6265 | D:10     | Reached skill level 1 in Transmutations
  6309 | D:10     | Noticed an unseen horror
  6314 | D:10     | Killed an unseen horror
  6314 | D:10     | Reached skill level 5 in Fighting
  6352 | D:11     | Reached skill level 5 in Invocations
  6366 | D:11     | Noticed namelastname112's ghost (journeyman DrCj)
  6376 | D:11     | Noticed a troll
  6432 | D:10     | Reached XP level 10. HP: 44/44 MP: 15/15
  6574 | D:9      | Found an ornate altar of the Wu Jian Council.
  6629 | D:9      | Found a staircase to the Orcish Mines.
  6795 | D:9      | Found Jogeng Buta's Armour Shoppe.
  6803 | D:9      | Noticed a brown ugly thing
  6816 | D:9      | Noticed a two-headed ogre
  6828 | D:9      | Mangled by a two-headed ogre
  6829 | D:9      | Reached XP level 9. HP: -10/40 MP: 5/14
  7129 | D:12     | Noticed a guardian serpent
  7130 | D:12     | Noticed a gargoyle
  7132 | D:12     | Killed a guardian serpent
  7134 | D:12     | Killed a gargoyle
  7134 | D:12     | Reached skill level 5 in Transmutations
  7188 | D:12     | Noticed a cyan ugly thing
  7262 | D:13     | Noticed a kobold demonologist
  7266 | D:13     | Killed a kobold demonologist
  7292 | D:13     | Noticed a two-headed ogre
  7301 | D:13     | Noticed an eight-headed hydra
  7304 | D:13     | Noticed a ghoul
  7327 | D:13     | Noticed an enchanted long sword
  7328 | D:13     | Noticed an enchanted long sword
  7329 | D:13     | Killed an enchanted long sword
  7329 | D:13     | Reached XP level 10. HP: 45/45 MP: 16/16
  7339 | D:13     | Killed a two-headed ogre
  7343 | D:13     | Noticed a centaur warrior
  7344 | D:13     | Noticed a ghoul
  7352 | D:13     | Noticed a two-headed ogre
  7519 | D:12     | Noticed a manticore
  7791 | D:11     | Noticed a seven-headed hydra
  7821 | D:11     | Noticed an unseen horror
  7834 | D:11     | Killed an unseen horror
  7834 | D:11     | Reached skill level 1 in Evocations
  7844 | D:11     | Reached XP level 11. HP: 43/49 MP: 13/18
  7845 | D:11     | Noticed a two-headed ogre
  7965 | D:10     | Reached skill level 10 in Stealth
  7973 | D:10     | Found a staircase to the Lair.
  8037 | D:11     | Noticed an orc knight
  8076 | D:11     | Noticed a war gargoyle
  8111 | D:12     | Noticed a white ugly thing
  8154 | D:12     | Noticed a two-headed ogre
  8230 | D:12     | Found a blossoming altar of Fedhas.
  8232 | D:12     | Noticed an oklob plant
  8232 | D:12     | Noticed an oklob plant
  8234 | D:12     | Killed an oklob plant
  8324 | D:11     | Noticed a tengu warrior
  8476 | D:9      | Killed a two-headed ogre
  8558 | D:9      | Killed a brown ugly thing
  8558 | D:9      | Reached skill level 5 in Spellcasting
  8742 | Orc:1    | Entered Level 1 of the Orcish Mines
  8879 | Orc:1    | Reached skill level 10 in Unarmed Combat
  8925 | Orc:1    | Noticed a stone giant
  8966 | Orc:2    | Entered Level 2 of the Orcish Mines
  8968 | Orc:2    | Noticed an orc knight
  8986 | Orc:2    | Killed an orc knight
  9288 | Orc:2    | Found a staircase to the Elven Halls.
  9404 | Orc:2    | Noticed an orc high priest
  9420 | Orc:2    | Noticed an orc high priest
  9422 | Orc:2    | Killed an orc high priest
  9431 | Orc:2    | Killed an orc high priest
  9431 | Orc:2    | Gained mutation: Your thick and shaggy fur keeps you warm. (AC +3, rC+) [Felid growth]
  9431 | Orc:2    | Reached XP level 12. HP: 22/54 MP: 20/20
  9467 | Orc:2    | Reached skill level 10 in Dodging
  9474 | Orc:2    | Noticed an orc warlord
  9778 | D:10     | Noticed Josephine
 10084 | Lair:1   | Entered Level 1 of the Lair of Beasts
 10148 | Lair:1   | HP: 1/54 [komodo dragon (14)]
 10276 | Lair:1   | Learned a level 5 spell: Lee's Rapid Deconstruction
 10279 | Lair:1   | Learned a level 2 spell: Passwall
 10788 | Lair:2   | Was placed under penance by Cheibriados
 10799 | Lair:2   | Was forgiven by Cheibriados
 10816 | Lair:2   | Noticed an eight-headed hydra
 11218 | Lair:3   | Found a hole to the Spider Nest.
 11233 | Lair:4   | Found a labyrinth entrance.
 11245 | Lab      | Entered a labyrinth
 11252 | Lab      | Identified a scroll of acquirement
 11253 | Lab      | Got a slimy graven amulet
 11255 | Lab      | Identified the amulet "Jomogg" {Faith rElec} (You acquired it in a labyrinth)
 11618 | Lab      | Noticed a minotaur
 11620 | Lab      | Killed a minotaur
 11622 | Lab      | Got a faintly glowing golden ring
 11627 | Lab      | Identified the ring "Opypsir" {rN+ Int+4 Dex-4 SInv} (You found it in a labyrinth)
 11837 | Lair:4   | Reached XP level 13. HP: 59/59 MP: 15/21
 11867 | Lair:5   | Found a viscous altar of Jiyva.
 11869 | Lair:5   | Found a staircase to the Slime Pits.
 12146 | Lair:6   | Entered Level 6 of the Lair of Beasts
 12209 | Lair:6   | Learned a level 2 spell: Blink
 12750 | Lair:4   | Found a staircase to the Swamp.
 12775 | Lair:4   | HP: 3/60 [eight-headed hydra (13)]
 12775 | Lair:4   | Slain by an eight-headed hydra
 12776 | Lair:4   | Reached XP level 12. HP: -4/57 MP: 20/20
 13076 | Lair:1   | Found a hazy altar of Hepliaklqana.
 13216 | D:11     | Killed a tengu warrior
 13306 | D:12     | Killed a two-headed ogre
 13312 | D:13     | Noticed a ghoul
 13369 | D:13     | Killed a two-headed ogre
 13387 | D:13     | Noticed a ghoul
 13546 | D:11     | HP: 2/57 [namelastname112's ghost/orb of energy (20)]
 13550 | D:11     | Killed namelastname112's ghost
 13550 | D:11     | Reached XP level 13. HP: 4/60 MP: 15/21
 13738 | D:11     | Noticed Gastronok
 13765 | D:11     | Killed Gastronok
 13922 | D:11     | Found a runed door.
 14099 | D:11     | Learned a level 6 spell: Statue Form
 14126 | D:11     | Identified Sif Muna's Collected Works on Fiery Protection
 14145 | D:11     | Killed a war gargoyle
 14145 | D:11     | Reached ****** piety under Cheibriados
 14145 | D:11     | Reached skill level 10 in Fighting
 14163 | D:11     | Reached skill level 10 in Invocations
 14489 | Orc:2    | Mangled by an orc knight
 14490 | Orc:2    | Reached XP level 12. HP: -8/58 MP: 20/20
 14534 | Orc:2    | Reached skill level 1 in Earth Magic
 14555 | Orc:2    | Killed an orc warlord
 14576 | Orc:2    | Noticed an orc high priest
 14584 | Orc:2    | Killed an orc high priest
 14631 | Orc:2    | Noticed an orc high priest
 14648 | Orc:2    | Killed an orc high priest
 14668 | Orc:2    | Reached XP level 13. HP: 25/61 MP: 21/21
 14974 | Orc:2    | Found Loeruss's Antique Armour Emporium.
 14974 | Orc:2    | Found Jefuog's Antique Weapon Shoppe.
 14976 | Orc:2    | Found Bade Vaw's General Store.
 14976 | Orc:2    | Found Xaruewn's Jewellery Emporium.
 14981 | Orc:2    | Bought the ring "Uwnur" {*Drain +Fly rF+ EV+3} for 346 gold pieces
 15121 | Elf:1    | Entered Level 1 of the Elven Halls
 15162 | Elf:3    | Entered Level 3 of the Elven Halls
 15202 | Elf:3    | Found a deep blue altar of Sif Muna.
 15215 | Elf:3    | Noticed a deep elf death mage
 15227 | Elf:3    | Killed a deep elf death mage
 15283 | Elf:3    | Reached skill level 5 in Earth Magic
 15363 | Elf:3    | Noticed Roxanne
 15444 | Elf:3    | Found a frozen archway.
 15461 | IceCv    | Entered an ice cave
 15470 | IceCv    | Noticed skittles's ghost (journeyman HaHu)
 15477 | IceCv    | Noticed Qrupt's ghost (journeyman DgWn)
 15478 | IceCv    | Killed skittles's ghost
 15492 | IceCv    | Killed Qrupt's ghost
 15536 | IceCv    | Noticed a white very ugly thing
 15550 | IceCv    | Killed a white very ugly thing
 15557 | IceCv    | Gained mutation: You are dopey. (Int -2) [mutagenic meat]
 15558 | IceCv    | Gained mutation: You are partially covered in molten scales. (AC +2) [mutagenic meat]
 15559 | IceCv    | Gained mutation: You evolve. [mutagenic meat]
 15560 | IceCv    | Gained mutation: Your flesh is cold resistant. (rC+) [mutagenic meat]
 15561 | IceCv    | Gained mutation: You expend magic power (3 MP) to strengthen your wands. [mutagenic meat]
 15562 | IceCv    | Gained mutation: Your magical capacity is low. (-10% MP) [mutagenic meat]
 15661 | Elf:3    | Noticed Jorgrun
 15670 | Elf:3    | Killed Jorgrun
 15720 | Elf:2    | Gained mutation: You are frail. (-10% HP) [evolution]
 15738 | Elf:3    | Lost mutation: You are frail. (-10% HP) [potion of mutation]
 15738 | Elf:3    | Lost mutation: You are dopey. (Int -2) [potion of mutation]
 15738 | Elf:3    | Gained mutation: You are occasionally teleported next to monsters. [potion of mutation]
 15738 | Elf:3    | Gained mutation: You possess an exceptional clarity of mind. [potion of mutation]
 15739 | Elf:3    | Lost mutation: You are occasionally teleported next to monsters. [potion of mutation]
 15739 | Elf:3    | Lost mutation: You possess an exceptional clarity of mind. [potion of mutation]
 15739 | Elf:3    | Lost mutation: Your magical capacity is low. (-10% MP) [potion of mutation]
 15739 | Elf:3    | Lost mutation: You are partially covered in molten scales. (AC +2) [potion of mutation]
 15739 | Elf:3    | Lost mutation: You expend magic power (3 MP) to strengthen your wands. [potion of mutation]
 15739 | Elf:3    | Gained mutation: You are weak. (Str -2) [potion of mutation]
 15739 | Elf:3    | Gained mutation: You are partially covered in thin metallic scales. (AC +2) [potion of mutation]
 15739 | Elf:3    | Lost mutation: You are weak. (Str -2) [potion of mutation]
 15739 | Elf:3    | Gained mutation: Your muscles are strong. (Str +2) [potion of mutation]
 15933 | Elf:1    | Reached skill level 10 in Transmutations
 16006 | Elf:1    | Found Roirgheni's General Store.
 16140 | Elf:1    | Reached XP level 14. HP: 66/66 MP: 22/22
 16262 | Elf:1    | Noticed a deep elf elementalist
 16264 | Elf:1    | Found Sifriog's One-of-a-Kind Books.
 16269 | Elf:1    | Killed a deep elf elementalist
 16336 | Elf:1    | Reached skill level 10 in Earth Magic
 16733 | Elf:2    | Found Paschuass's Gadget Shoppe.
 16735 | Elf:2    | Found Paptunk's Book Shoppe.
 16736 | Elf:2    | Found Alaxa's Jewellery Shoppe.
 16737 | Elf:2    | Found Xelaest's Jewellery Shoppe.
 16753 | Elf:2    | Bought a wand of digging (12/24) for 544 gold pieces
 16756 | Elf:2    | Bought a book of the Warp for 1260 gold pieces
 16815 | Elf:2    | Reached skill level 1 in Translocations
 16821 | Elf:2    | Found a runed gate.
 16821 | Elf:2    | Found a runed gate.
 16821 | Elf:2    | Found a runed gate.
 16996 | Elf:3    | Noticed a deep elf elementalist
 17007 | Elf:3    | Killed a deep elf elementalist
 17051 | Elf:3    | Reached XP level 15. HP: 69/69 MP: 18/24
 17053 | Elf:3    | Cast into level 2 of the Abyss (a deep elf demonologist)
 17118 | Abyss:2  | Reached skill level 5 in Translocations
 17416 | Elf:3    | Escaped the Abyss
 17489 | Elf:3    | Noticed a deep elf sorcerer
 17496 | Elf:3    | Killed a deep elf sorcerer
 17509 | Elf:3    | Learned a level 8 spell: Controlled Blink
 17528 | Elf:3    | Noticed a deep elf sorcerer
 17537 | Elf:3    | Killed a deep elf sorcerer
 17547 | Elf:3    | Noticed a deep elf sorcerer
 17550 | Elf:3    | Killed a deep elf sorcerer
 17562 | Elf:3    | Noticed a deep elf sorcerer
 17562 | Elf:3    | Killed a deep elf sorcerer
 17574 | Elf:3    | Noticed a deep elf sorcerer
 17577 | Elf:3    | Killed a deep elf sorcerer
 17587 | Elf:3    | Noticed a deep elf blademaster
 17606 | Elf:3    | Killed a deep elf blademaster
 17606 | Elf:3    | Reached skill level 10 in Translocations
 17691 | Elf:3    | Noticed a deep elf master archer
 17714 | Elf:3    | Noticed a deep elf master archer
 17728 | Elf:3    | Killed a deep elf master archer
 17792 | Elf:3    | Got a brightly glowing platinum ring
 17794 | Elf:3    | Identified the ring of the Zebra {*Drain +Fly rElec Int+4 Stlth-} (You took it off a deep elf annihilator on level 3 of the Elven Halls)
 17799 | Elf:3    | Noticed a deep elf blademaster
 17803 | Elf:3    | Killed a deep elf blademaster
 17830 | Elf:3    | Killed a deep elf master archer
 17830 | Elf:3    | Reached XP level 16. HP: 70/73 MP: 21/28
 17966 | Elf:3    | Got a sparkling marble ring
 18000 | Elf:3    | Gained mutation: You are resistant to hostile enchantments. (MR+) [evolution]
 18060 | Elf:3    | Identified the Reference Book on the Escort and Enhancements
 18077 | Elf:3    | Identified the Reference Book on Assistive Heat
 18082 | Elf:3    | Learned a level 3 spell: Regeneration
 18123 | Elf:3    | Identified the ring "Pidwon" {*Tele +Inv rF+ rC+ Int+4} (You took it off a deep elf archer on level 3 of the Elven Halls)
 18127 | Elf:3    | Identified the Incunabulum of the Supportive Mountains
 18499 | D:10     | Killed Josephine
 18632 | D:13     | Reached skill level 15 in Translocations
 19163 | D:13     | Found a gate to the Vaults.
 19264 | D:13     | Reached skill level 1 in Charms
 19401 | D:14     | Reached skill level 1 in Necromancy
 19457 | D:14     | Noticed Louise
 19472 | D:14     | Killed Louise
 19578 | D:15     | Entered Level 15 of the Dungeon
 19728 | D:15     | Found a staircase to the Depths.
 20354 | Swamp:1  | Entered Level 1 of the Swamp
 20392 | Swamp:1  | Reached XP level 17. HP: 76/76 MP: 26/31
 20494 | Swamp:1  | Reached skill level 10 in Spellcasting
 20655 | Swamp:3  | Noticed Mara
 20656 | Swamp:3  | Noticed 4thArraOfDagon's illusion
 20717 | Swamp:3  | Noticed 4thArraOfDagon's illusion
 20723 | Swamp:3  | Killed Mara
 20757 | Swamp:3  | Noticed Aizul
 20957 | Swamp:4  | Entered Level 4 of the Swamp
 21121 | Swamp:3  | Noticed Donald
 21133 | Swamp:3  | Killed Donald
 21246 | Swamp:4  | Noticed the 27-headed Lernaean hydra
 21332 | Swamp:3  | Killed Aizul
 21438 | Swamp:4  | Killed the 27-headed Lernaean hydra
 21475 | Swamp:4  | Reached skill level 15 in Unarmed Combat
 21512 | Swamp:4  | Got a decaying rune of Zot
 21639 | Spider:1 | Entered Level 1 of the Spider Nest
 21772 | Spider:1 | Learned a level 6 spell: Deflect Missiles
 21956 | Spider:2 | Reached XP level 18. HP: 81/81 MP: 29/35
 21968 | Spider:2 | Reached skill level 1 in Air Magic
 22147 | Spider:3 | Reached skill level 5 in Charms
 22172 | Spider:4 | Entered Level 4 of the Spider Nest
 22344 | Spider:4 | Reached skill level 15 in Dodging
 22518 | Spider:4 | Got a gossamer rune of Zot
 22859 | Slime:1  | Entered Level 1 of the Pits of Slime
 22859 | Slime:1  | Found a viscous altar of Jiyva.
 23198 | Slime:3  | Gained mutation: You tend to lose your temper in combat. [a shining eye]
 23334 | Slime:5  | Entered Level 5 of the Pits of Slime
 23375 | Slime:5  | Lost mutation: You evolve. [evolution]
 23407 | Slime:5  | Reached XP level 19. HP: 86/86 MP: 36/36
 23436 | Slime:5  | Noticed the Royal Jelly
 23436 | Slime:5  | Found a viscous altar of Jiyva.
 23447 | Slime:5  | Killed the Royal Jelly
 23488 | Slime:5  | Paralysed by a floating eye for 3 turns
 23530 | Slime:5  | Identified the Compendium of the Clam
 23590 | Slime:5  | Learned a level 5 spell: Silence
 23602 | Slime:5  | Got a slimy rune of Zot
 23842 | D:13     | Identified the ring "Ipebiry" {rCorr +Inv rPois Int+4 SInv} (You acquired it on level 13 of the Dungeon)
 23848 | Vaults:1 | Entered Level 1 of the Vaults
 24284 | Vaults:3 | Identified the amulet "Jebrub" {Reflect Dex+2 SH+4} (You acquired it on level 3 of the Vaults)
 24361 | Vaults:2 | Reached XP level 20. HP: 85/92 MP: 37/37
 24658 | Vaults:3 | Noticed Sojobo
 24680 | Vaults:3 | Killed Sojobo
 25191 | Vaults:3 | Found a staircase to the Crypt.
 25263 | Vaults:5 | Entered Level 5 of the Vaults
 25344 | Vaults:4 | Reached XP level 21. HP: 97/97 MP: 33/38
 25533 | Vaults:5 | Reached skill level 15 in Stealth
 25998 | Vaults:5 | Identified the Collected Works on Venom and Ice
 26018 | Vaults:5 | Identified the Reference Book on Dislocated Intoxication
 26092 | Vaults:5 | Got a silver rune of Zot
 26169 | Vaults:5 | Identified the ring "Ziocroge" {Fire +Blink +Inv} (You took it off a vault warden on level 5 of the Vaults)
 26260 | Crypt:1  | Entered Level 1 of the Crypt
 26317 | Crypt:1  | Reached XP level 22. HP: 102/102 MP: 39/39
 26434 | Crypt:2  | Noticed Jory
 26559 | Crypt:2  | Killed Jory
 26580 | Crypt:2  | Noticed Saint Roka
 26587 | Crypt:3  | Entered Level 3 of the Crypt
 26677 | Crypt:2  | Noticed Boris
 26687 | Crypt:2  | Killed Boris
 27161 | Crypt:3  | Noticed an ancient lich
 27165 | Crypt:3  | Killed an ancient lich
 27172 | Crypt:3  | Found a basalt altar of Yredelemnul.
 27188 | Crypt:3  | Identified the Volume of Malediction and the Voyage
 27385 | Crypt:3  | Found a staircase to the Tomb.
 27394 | Tomb:1   | Entered Level 1 of the Tomb of the Ancients
 27427 | Tomb:1   | Reached skill level 1 in Hexes
 27484 | Tomb:1   | Reached skill level 5 in Hexes
 27486 | Tomb:1   | Reached XP level 23. HP: 107/107 MP: 36/40
 27606 | Tomb:1   | Noticed a greater mummy
 27614 | Tomb:1   | Killed a greater mummy
 27618 | Tomb:1   | Noticed a greater mummy
 27623 | Tomb:1   | Killed a greater mummy
 27765 | Tomb:2   | Noticed a greater mummy
 27765 | Tomb:2   | Noticed a greater mummy
 27768 | Tomb:2   | Reached skill level 15 in Invocations
 27791 | Tomb:2   | Reached skill level 15 in Fighting
 27819 | Tomb:2   | Noticed a greater mummy
 27828 | Tomb:2   | Killed a greater mummy
 27874 | Tomb:2   | Noticed a greater mummy
 27884 | Tomb:2   | Killed a greater mummy
 27943 | Tomb:2   | Killed a greater mummy
 27995 | Tomb:2   | Killed a greater mummy
 28140 | Tomb:3   | Entered Level 3 of the Tomb of the Ancients
 28154 | Tomb:3   | Noticed a greater mummy
 28159 | Tomb:3   | Noticed a greater mummy
 28159 | Tomb:3   | Noticed a greater mummy
 28168 | Tomb:2   | Killed a greater mummy
 28229 | Tomb:3   | Noticed a greater mummy
 28229 | Tomb:3   | Noticed a greater mummy
 28238 | Tomb:2   | HP: 5/143 [guardian mummy's death curse (17)]
 28359 | Tomb:3   | Reached XP level 24. HP: 54/115 MP: 29/40
 28420 | Tomb:3   | Reached XP level 25. HP: 119/119 MP: 34/40
 28423 | Tomb:3   | Killed a greater mummy
 28534 | Tomb:3   | Killed a greater mummy
 28678 | Tomb:3   | Killed a greater mummy
 28707 | Tomb:3   | Killed a greater mummy
 28742 | Tomb:3   | Identified the Handbook of Helpful Attacks
 28744 | Tomb:3   | Identified the amulet "Juyhu" {Inacc Str+5} (You found it on level 3 of the Tomb of the Ancients)
 28783 | Tomb:3   | Noticed a greater mummy
 28801 | Tomb:3   | Killed a greater mummy
 28820 | Tomb:3   | Noticed Khufu
 28832 | Tomb:3   | Killed Khufu
 28867 | Tomb:3   | Noticed a greater mummy
 28876 | Tomb:3   | Killed a greater mummy
 28908 | Tomb:3   | Got a golden rune of Zot
 28910 | Tomb:3   | Noticed a greater mummy
 28922 | Tomb:3   | Killed a greater mummy
 28986 | Tomb:3   | Identified the ring of Hosseijy {rC+ Str+5 Stlth+} (You found it on level 3 of the Tomb of the Ancients)
 29606 | Depths:1 | Entered Level 1 of the Depths
 29729 | Depths:1 | Found a one-way gate leading to the halls of Pandemonium.
 29763 | Pan      | Entered Pandemonium
 29802 | Pan      | Noticed Fikkiho the pandemonium lord
 29821 | Pan      | Killed Fikkiho the pandemonium lord
 29864 | Pan      | Gained mutation: Your body sometimes deteriorates upon taking damage. [a neqoxec]
 29880 | Pan      | Entered the realm of Mnoleg.
 29892 | Pan      | Gained mutation: You often lose your temper in combat. [a neqoxec]
 29917 | Pan      | Lost mutation: Your body sometimes deteriorates upon taking damage. [potion of mutation]
 29917 | Pan      | Lost mutation: Your flesh is cold resistant. (rC+) [potion of mutation]
 29917 | Pan      | Lost mutation: You are resistant to hostile enchantments. (MR+) [potion of mutation]
 29917 | Pan      | Lost mutation: You are partially covered in thin metallic scales. (AC +2) [potion of mutation]
 29917 | Pan      | Lost mutation: You often lose your temper in combat. [potion of mutation]
 29917 | Pan      | Gained mutation: You are somewhat resistant to further mutation. [potion of mutation]
 29917 | Pan      | Gained mutation: You are partially covered in large bone plates. (SH +4) [potion of mutation]
 30161 | Pan      | Noticed Mnoleg
 30167 | Pan      | Got a glowing rune of Zot
 30170 | Pan      | Paralysed by a floating eye for 3 turns
 30172 | Pan      | Gained mutation: You are dopey. (Int -2) [a cacodemon]
 30180 | Pan      | Paralysed by a floating eye for 4 turns
 30194 | Pan      | HP: 7/157 [Mnoleg (14)]
 30195 | Pan      | HP: 3/157 [Mnoleg (5)]
 30196 | Pan      | Splashed by Mnoleg's acid
 30197 | Pan      | Reached XP level 24. HP: -12/153 MP: 12/40
 30202 | Pan      | TY
 30216 | Pan      | Noticed Mennas
 30237 | Pan      | Killed Mennas
 30391 | Pan      | Reached XP level 25. HP: 122/122 MP: 40/40
 30408 | Pan      | Noticed Ypuz the pandemonium lord
 30417 | Pan      | Killed Ypuz the pandemonium lord
 30442 | Depths:1 | Escaped Pandemonium
 30444 | Pan      | Entered Pandemonium
 30516 | Pan      | Noticed Maimn the pandemonium lord
 30528 | Pan      | Killed Maimn the pandemonium lord
 30685 | Pan      | Found an exit through the horrors of the Abyss.
 30713 | Pan      | Found an exit through the horrors of the Abyss.
 30716 | Pan      | Took an exit into the Abyss.
 30716 | Abyss:1  | Escaped into the Abyss
 30783 | Abyss:1  | Found a corrupted altar of Lugonu.
 30961 | Abyss:1  | Identified the ring of Qexemosch {rC+ MP+9 Int+2 Dex+3} (You found it on level 1 of the Abyss)
 30978 | Depths:1 | Escaped the Abyss
 30980 | Pan      | Entered Pandemonium
 30998 | Pan      | Noticed Fouseobu the pandemonium lord
 30998 | Pan      | Cast into level 4 of the Abyss (Fouseobu)
 31039 | Abyss:4  | Found a corrupted altar of Lugonu.
 31210 | Pan      | Escaped the Abyss
 31307 | Pan      | Found a runed door.
 31364 | Pan      | Noticed Naycunn the pandemonium lord
 31371 | Pan      | Killed Naycunn the pandemonium lord
 31866 | Pan      | Found an exit through the horrors of the Abyss.
 31894 | Pan      | Entered the realm of Gloorx Vloq.
 32061 | Pan      | Reached XP level 26. HP: 129/129 MP: 35/40
 32260 | Pan      | Noticed Gloorx Vloq
 32277 | Pan      | Killed Gloorx Vloq
 32290 | Pan      | Got a dark rune of Zot
 32408 | Pan      | Found a huge runed gate.
 32672 | Pan      | Entered the realm of Cerebov.
 32726 | Pan      | Noticed Cerebov
 32756 | Pan      | Got a fiery rune of Zot
 32885 | Depths:1 | Escaped Pandemonium
 32888 | Pan      | Entered Pandemonium
 32898 | Pan      | Found an exit through the horrors of the Abyss.
 32994 | Pan      | Found an exit through the horrors of the Abyss.
 33041 | Pan      | Noticed Zioparph the pandemonium lord
 33105 | Pan      | Paralysed by you for 6 turns
 33270 | Pan      | Found an exit through the horrors of the Abyss.
 33301 | Pan      | Found a glowing silver altar of Zin.
 33471 | Pan      | Reached XP level 27. HP: 135/135 MP: 40/40
 33792 | Pan      | Noticed a seraph
 33793 | Pan      | Found a glowing golden altar of the Shining One.
 33794 | Pan      | Got a demonic rune of Zot
 33974 | Pan      | Found a white marble altar of Elyvilon.
 34126 | Pan      | Found an exit through the horrors of the Abyss.
 34292 | Pan      | Noticed Muffu the pandemonium lord
 34301 | Pan      | Killed Muffu the pandemonium lord
 34629 | Pan      | Noticed Nurch the pandemonium lord
 34644 | Pan      | Killed Nurch the pandemonium lord
 34720 | Pan      | Entered the realm of Lom Lobon.
 34889 | Pan      | Noticed Lom Lobon
 34900 | Pan      | Got a magical rune of Zot
 34975 | Pan      | Found an exit through the horrors of the Abyss.
 34984 | Pan      | Took an exit into the Abyss.
 34984 | Abyss:1  | Escaped into the Abyss
 35003 | Abyss:1  | Found a corrupted altar of Lugonu.
 35313 | Abyss:4  | Found a corrupted altar of Lugonu.
 35441 | Abyss:4  | Noticed an ancient lich
 35446 | Abyss:4  | Killed an ancient lich
 35739 | Abyss:5  | Entered Level 5 of the Abyss
 35758 | Abyss:5  | Noticed an ancient lich
 35767 | Abyss:5  | Killed an ancient lich
 35788 | Abyss:5  | Got an abyssal rune of Zot
 35804 | Depths:1 | Escaped the Abyss
 35866 | Depths:1 | Found Icyoff's General Store.
 35874 | Depths:1 | Found Yserhar's Gadget Shoppe.
 35878 | Depths:1 | Bought a potion of might for 64 gold pieces
 35878 | Depths:1 | Bought a scroll of magic mapping for 56 gold pieces
 35976 | Depths:3 | Found Seseec's General Store.
 36016 | Depths:4 | Found a gateway to a ziggurat.
 36031 | Zig:1    | Entered Level 1 of a ziggurat
 36043 | Zig:2    | Entered Level 2 of a ziggurat
 36046 | Zig:2    | Noticed Boxuxkuh the pandemonium lord
 36068 | Zig:2    | Killed Boxuxkuh the pandemonium lord
 36121 | Zig:3    | Entered Level 3 of a ziggurat
 36155 | Zig:4    | Entered Level 4 of a ziggurat
 36158 | Zig:4    | Noticed a juggernaut
 36173 | Zig:4    | Killed a juggernaut
 36197 | Zig:5    | Entered Level 5 of a ziggurat
 36240 | Zig:5    | Identified the amulet "Ozxotuz" {Faith MR+ Dex+3} (You found it on level 5 of a ziggurat)
 36244 | Zig:6    | Entered Level 6 of a ziggurat
 36295 | Zig:7    | Entered Level 7 of a ziggurat
 36299 | Zig:7    | Noticed Hueh the pandemonium lord
 36312 | Zig:7    | Killed Hueh the pandemonium lord
 36359 | Zig:8    | Entered Level 8 of a ziggurat
 36429 | Zig:9    | Entered Level 9 of a ziggurat
 36507 | Zig:9    | Identified the ring "Xech" {+Blink Int+2} (You acquired it on level 9 of a ziggurat)
 36510 | Zig:10   | Entered Level 10 of a ziggurat
 36563 | Depths:4 | Found a one-way gate to the infinite horrors of the Abyss.
 36572 | Depths:4 | Found an opulent altar of Gozag.
 36576 | Depths:4 | Found Gozag's Antique Armour Emporium.
 36576 | Depths:4 | Found Gozag's Assorted Antiques.
 36619 | Depths:4 | Found Gozag's Antique Weapon Shoppe.
 36633 | Depths:4 | Found a gateway to Hell.
 36703 | Depths:5 | Entered Level 5 of the Depths
 36784 | Hell     | Entered the Vestibule of Hell
 36784 | Hell     | Noticed Geryon
 36785 | Hell     | Found a gateway to the freezing wastes of Cocytus.
 36793 | Hell     | Killed Geryon
 36872 | Coc:1    | Entered Level 1 of Cocytus
 36872 | Coc:1    | Found a gateway to Hell.
 36876 | Coc:2    | Found a gateway to Hell.
 36917 | Coc:2    | Found a gateway to Hell.
 36930 | Coc:3    | Found a gateway to Hell.
 36936 | Coc:4    | Found a gateway to Hell.
 37067 | Coc:4    | Found a burning altar of Makhleb.
 37110 | Coc:4    | Found a gateway to Hell.
 37255 | Coc:5    | Found a gateway to Hell.
 37267 | Coc:5    | Found a gateway to Hell.
 37277 | Coc:6    | Found a gateway to Hell.
 37308 | Coc:7    | Entered Level 7 of Cocytus
 37308 | Coc:7    | Found a gateway to Hell.
 37308 | Coc:7    | Found a gateway to Hell.
 37308 | Coc:7    | Found a gateway to Hell.
 37617 | Coc:7    | Reached skill level 5 in Evocations
 37735 | Coc:7    | Upgraded the game from 0.21-a0-88-g13b9641 to 0.21-a0-91-ga5031da
 37921 | Coc:7    | Identified the amulet of Defoet {Faith Int+3 Dex+3} (You found it on level 7 of Cocytus)
 37958 | Coc:7    | Reached skill level 10 in Evocations
 38048 | Coc:7    | Noticed Antaeus
 38053 | Coc:7    | Identified the cursed +3 morningstar of Bile {flame, rN+ Str+4}
 38053 | Coc:7    | Demolished by Antaeus
 38190 | Coc:7    | Got an icy rune of Zot
 38256 | Hell     | Found a gateway to the decaying netherworld of Tartarus.
 38272 | Tar:1    | Entered Level 1 of Tartarus
 38272 | Tar:1    | Found a gateway to Hell.
 38309 | Tar:2    | Found a gateway to Hell.
 38416 | Tar:3    | Reached skill level 15 in Evocations
 38433 | Tar:3    | HP: 7/204 [shadow demon (16)]
 38433 | Tar:3    | HP: 3/204 [dire elephant zombie[the effects of Hell] (4)]
 38445 | Tar:3    | Found a gateway to Hell.
 38457 | Tar:3    | Found a gateway to Hell.
 38624 | Tar:4    | Found a gateway to Hell.
 39018 | Tar:5    | Found a gateway to Hell.
 39034 | Tar:6    | Found a gateway to Hell.
 39069 | Tar:7    | Entered Level 7 of Tartarus
 39069 | Tar:7    | Found a gateway to Hell.
 39230 | Tar:7    | Found a gateway to Hell.
 39579 | Tar:7    | Noticed the Serpent of Hell
 39729 | Tar:7    | Noticed Ereshkigal
 39735 | Tar:7    | Got a bone rune of Zot
 39954 | Hell     | Found a gateway to the ashen valley of Gehenna.
 39970 | Geh:1    | Entered Level 1 of Gehenna
 39970 | Geh:1    | Found a gateway to Hell.
 40105 | Geh:2    | Found a gateway to Hell.
 40122 | Geh:3    | Found a gateway to Hell.
 40146 | Geh:3    | Found a gateway to Hell.
 40154 | Geh:4    | Found a gateway to Hell.
 40186 | Geh:4    | Found a gateway to Hell.
 40188 | Geh:4    | Found a gateway to Hell.
 40222 | Geh:4    | Reached skill level 27 in Invocations
 40300 | Geh:5    | Found a gateway to Hell.
 40374 | Geh:5    | Found a gateway to Hell.
 40422 | Geh:6    | Found a gateway to Hell.
 40422 | Geh:6    | Found a gateway to Hell.
 40507 | Geh:7    | Entered Level 7 of Gehenna
 40507 | Geh:7    | Found a gateway to Hell.
 40507 | Geh:7    | Found a gateway to Hell.
 40507 | Geh:7    | Found a gateway to Hell.
 40507 | Geh:7    | Found a gateway to Hell.
 40607 | Geh:7    | Noticed Asmodeus
 40631 | Geh:7    | Got an obsidian rune of Zot
 40681 | Hell     | Noticed Murray
 40700 | Hell     | Killed Murray
 40735 | Hell     | Found a gateway to the Iron City of Dis.
 40743 | Dis:1    | Entered Level 1 of the Iron City of Dis
 40743 | Dis:1    | Found a gateway to Hell.
 40818 | Dis:2    | Found a gateway to Hell.
 40818 | Dis:2    | Found a gateway to Hell.
 40818 | Dis:2    | Found a gateway to Hell.
 40818 | Dis:2    | Found a gateway to Hell.
 40821 | Dis:3    | Found a gateway to Hell.
 40957 | Dis:4    | Found a gateway to Hell.
 41074 | Dis:5    | Found a gateway to Hell.
 41121 | Dis:5    | Found a gateway to Hell.
 41138 | Dis:6    | Found a gateway to Hell.
 41146 | Dis:6    | Found a gateway to Hell.
 41273 | Dis:7    | Entered Level 7 of the Iron City of Dis
 41541 | Dis:7    | Noticed Dispater
 41552 | Dis:7    | Got an iron rune of Zot
 41610 | Dis:7    | Found a gateway to Hell.
 41611 | Dis:7    | Found a gateway to Hell.
 41718 | Depths:5 | Found a gate to the Realm of Zot.
 41746 | Zot:1    | Entered Level 1 of the Realm of Zot
 41904 | Zot:3    | Noticed an orb of fire
 41912 | Zot:3    | Killed an orb of fire
 42012 | Zot:5    | Entered Level 5 of the Realm of Zot
 42108 | Zot:5    | Reached skill level 27 in Fighting
 42161 | Zot:5    | Noticed an ancient lich
 42164 | Zot:5    | Killed an ancient lich
 42185 | Zot:5    | Noticed an ancient lich
 42187 | Zot:5    | Killed an ancient lich
 42193 | Zot:5    | Noticed an ancient lich
 42193 | Zot:5    | Killed an ancient lich
 42223 | Zot:5    | Noticed an ancient lich
 42229 | Zot:5    | Killed an ancient lich
 42231 | Zot:5    | Noticed an ancient lich
 42241 | Zot:5    | Killed an ancient lich
 42315 | Zot:5    | Reached skill level 27 in Dodging
 42324 | Zot:5    | Noticed an ancient lich
 42326 | Zot:5    | Noticed an ancient lich
 42329 | Zot:5    | Noticed an ancient lich
 42330 | Zot:5    | Killed an ancient lich
 42332 | Zot:5    | Noticed an orb of fire
 42334 | Zot:5    | Killed an ancient lich
 42338 | Zot:5    | Noticed an ancient lich
 42343 | Zot:5    | Gained mutation: You are frail. (-10% HP) [an orb of fire]
 42344 | Zot:5    | Killed an orb of fire
 42352 | Zot:5    | Noticed an orb of fire
 42362 | Zot:5    | Killed an orb of fire
 42366 | Zot:5    | Noticed an ancient lich
 42366 | Zot:5    | Killed an ancient lich
 42383 | Zot:5    | Killed an ancient lich
 42435 | Zot:5    | Got the Orb of Zot
 42450 | Zot:5    | Noticed Ojerchamo the pandemonium lord
 42454 | Zot:5    | Paralysed by Ojerchamo for 6 turns
 42463 | Zot:5    | Gained mutation: You are clumsy. (Dex -2) [a neqoxec]
 42464 | Zig:1    | Entered Level 1 of a ziggurat
 42476 | Zig:1    | Turgon: Hi - para on orbrun, ouch!
 42497 | Zig:1    | Turgon: Zig on orbrun, lol
 42503 | Zig:1    | Noticed Ujyno the pandemonium lord
 42506 | Zig:2    | Entered Level 2 of a ziggurat
 42538 | Zot:5    | Killed Ojerchamo the pandemonium lord
 42551 | Zot:5    | Lost mutation: You are somewhat resistant to further mutation. [potion of mutation]
 42551 | Zot:5    | Lost mutation: You tend to lose your temper in combat. [potion of mutation]
 42551 | Zot:5    | Lost mutation: You are clumsy. (Dex -2) [potion of mutation]
 42551 | Zot:5    | Lost mutation: You are frail. (-10% HP) [potion of mutation]
 42551 | Zot:5    | Lost mutation: Your muscles are strong. (Str +2) [potion of mutation]
 42551 | Zot:5    | Gained mutation: Your muscles are strong. (Str +2) [potion of mutation]
 42551 | Zot:5    | Gained mutation: Your system is resistant to poisons. (rPois) [potion of mutation]
 42551 | Zot:5    | Gained mutation: Your spells are a little harder to cast, but a little more powerful. [potion of mutation]
 42590 | Zot:5    | Noticed an ancient lich
 42599 | Zot:5    | Noticed a seraph
 42609 | Zot:5    | Killed an ancient lich
 42619 | Zot:5    | Killed a seraph
 42625 | Zot:5    | Killed an ancient lich
 42666 | Zot:5    | Noticed an ancient lich
 42674 | Zot:5    | Killed an ancient lich
 42735 | Zot:1    | 4thArraOfDagon: xceptional
 42837 | Depths:3 | Noticed Locad the pandemonium lord
 42842 | Depths:3 | Killed Locad the pandemonium lord
 42888 | Depths:2 | 4thArraOfDagon: it looked like cerebov zquad
 42913 | Depths:1 | Turgon: Do you have 15 runes?
 42931 | Depths:1 | Noticed Diug Geq the pandemonium lord
 42934 | D:15     | Turgon: ok
 42934 | D:15     | Turgon: so many pan lords!
 42934 | D:15     | 4thArraOfDagon: oh my god, you scared me
 42947 | D:15     | 4thArraOfDagon: i would dive for the freaking rune in case of <15 ;o
 43117 | D:8      | Turgon: 50 EV in statue form :-)
 43361 | D:1      | 4thArraOfDagon: #ORBZQUAd strikes again!
 43362 | D:$      | Escaped with the Orb!

Vault maps used:
D:1:      minmay_arrival_open_corners
D:2:      first_bread, chequers_ecumenical_altar_grove, uniq_jessica
D:3:      grunt_ministairs_11
D:4:      gammafunk_temple_overflow_wave
D:5:      minmay_temple_entry_crystal_x, minmay_fire_ice_demons
D:6:      nicolae_ru_path_of_blood
D:8:      doesnt_xom_only_xom
D:9:      lemuel_doored_altar, orc_0_dummy, serial_shops, shop
D:10:     hangedman_screamer, minmay_lair_entry_grove
D:11:     minmay_the_grid_square_5x5_5x5, hangedman_pestilent_swarm,
          nicolae_lava_and_water, uniq_gastronok
D:12:     hangedman_tree_tricks, dk_vineyard_3, nrook_guardian_serpent_ordinary
D:13:     kennysheep_snake, erik_vaults_1, serial_undead, serial_undead_b,
          serial_undead_a, serial_undead_f, serial_undead_b, serial_undead_d,
          serial_undead_d
D:14:     infiniplex_staircase_zigzag_4, grunt_potential, uniq_louise
D:15:     grunt_enter_depths_magical_seal
Temple:   eino_narrow_crystal_temple
Lair:1:   basic_altar, lemuel_centaur_altar
Lair:2:   st_stairs_8, beast_lair_carwin_5
Lair:3:   spider_nest_entry_a, serial_bayou_shore_b
Lair:4:   minmay_swamp_entry_reptiles, lab_entry_generic
Lair:5:   slime_altar_1, special_room, nicolae_volcano_entry_s_turn,
          minmay_stone_trees_large, lemuel_fruit_tree, minmay_lair_oklob_chamber
Lair:6:   hangedman_lair_in_review, pond, serial_bayou_shore_b, uniq_rupert
Swamp:1:  nicolae_swamp_little_tower
Swamp:2:  evilmike_swamp_ruin_house_5, swamp_pool5, infiniplex_staircase_pool_2
Swamp:3:  hangedman_swamp_ruin_hall, uniq_aizul, uniq_donald, uniq_mara
Swamp:4:  swamp_old_school
Spider:4: grunt_spider_rune_circles
Slime:1:  basic_altar
Orc:2:    st_orc_congregation
Elf:1:    serial_shops, shop_fountains, minivault_28, nicolae_rare_books
Elf:2:    minivault_20, nicolae_elf_stair_hall, minmay_shop_grid_forest
Elf:3:    minmay_elf_hall_hex, basic_altar, portal_ice_cave_entry_frozen_things,
          solitary_fountain, uniq_roxanne, uniq_jorgrun
Vaults:1: ontoclasm_vaults_eye, nicolae_vaults_meeting, vaults_room_fancy_cross,
          ontoclasm_vaults_ring_small, v_rooms_5, v_misc_15,
          nicolae_vaults_mini_display_case, hangedman_vaults_slice,
          serial_shops, nicolae_shop_behind_doors
Vaults:2: nicolae_vaults_three_branches, nicolae_vaults_shelves_hall, v_misc_1,
          nicolae_vaults_windows_and_doors_thing,
          nicolae_vaults_diagonal_hallway_7, vaults_room_large_hall,
          nicolae_vaults_theta, nicolae_vaults_theta, v_pattern_3,
          nicolae_vaults_yaktaur_gun_rack, hangedman_vaults_nails,
          nicolae_vaults_shelves_hall
Vaults:3: st_hourglassy, v_misc_2, hangedman_vaults_cutoff,
          vaults_room_door_ring, v_pattern_5, v_misc_5, v_misc_29,
          minmay_crypt_entry_simple_sparse, hangedman_vaults_capsules,
          vaults_room_semicircle, vaults_dpeg_hooks,
          nicolae_vaults_big_angled_halls, ontoclasm_vaults_shuriken,
          uniq_sojobo
Vaults:4: nicolae_vaults_what_the_h, v_misc_24, v_misc_15, v_misc_11,
          grunt_vaults_hallway_short, v_alt_pattern_6, vaults_dpeg_encased_lava,
          serial_shops, shop, uniq_frederick
Crypt:1:  lemuel_minitomb
Crypt:2:  uniq_jory, uniq_boris, uniq_saint_roka
Crypt:3:  cryptofortress_bobbens, uniq_bai_suzhen
Depths:1: grunt_pan_entry_in_and_out, hangedman_coc_ice_floe,
          kennysheep_doodads, evilmike_spriggan_trog_shrine, minmay_shop_star
Depths:2: evilmike_cross, grunt_pan_entry_zigzag, serial_sigils,
          serial_sigils_hangedman_gut, serial_sigils_hangedman_gnaw,
          serial_sigils_hangedman_writhe, serial_sigils_hangedman_shear,
          serial_sigils_hangedman_snap, serial_sigils_hangedman_snap, tso_altar,
          hell_entry, serial_shops, shop_fountains, minmay_evil_grid
Depths:3: minmay_nine_rooms, grunt_pan_entry_spiral, serial_column_ruins,
          column_ruins_portal_island, column_ruins_hut_water,
          column_ruins_grid_3, column_ruins_columns_straight,
          column_ruins_corridor_straight, column_ruins_columns_dead_end,
          serial_shops, shop_scrolls, nicolae_shop_stone, shop, hell_entry,
          kennysheep_small_spiral, minmay_staircase_statues,
          serial_bayou_shore_b, uniq_mennas
Depths:4: kennysheep_gozag_temple, enter_ziggurat_a,
          minmay_misc_feat_nine_boxes, hell_entry, abyss_entry
Depths:5: grunt_zot_entry_tricorne, hellmouth_1, pan_entry, minmay_shop_grove,
          serial_bayou_shore_a
Dis:1:    hangedman_dis_decor_blocks_talon
Dis:2:    evilmike_ambush
Dis:4:    hangedman_dis_decor_tower
Dis:5:    grunt_megastairs_3
Dis:6:    grunt_dis_stairs_iron_hall
Dis:7:    dis_grunt_layers
Geh:3:    lemuel_flamethrower_2
Geh:7:    evilmike_geh
Coc:4:    hangedman_feature_mirror
Coc:7:    coc_old
Tar:2:    grunt_megastairs_4
Tar:4:    minmay_shadows, nicolae_tar_cuneiform_three
Tar:6:    hangedman_snap_crack_crunch
Tar:7:    tar_minmay_river
Zot:3:    st_stairs_7
Zot:4:    st_stairs_4, grunt_ministairs_6
Zot:5:    grunt_ministairs_10, st_stairs_10
Abyss:4:  evilmike_abyss_exit_10, hangedman_elemental_corridor,
          evilmike_nicolae_abyss_rune_containment_curve, evilmike_abyss_exit_14,
          dshaligram_kb_abyss_rune_zappy_water_cross
Abyss:5:  evilmike_abyss_exit_5, evilmike_abyss_rune_ettins
Pan:      evilmike_mini_pan_pillars_b, pan_blood_fountain_small, mnoleg_st,
          uniq_mennas_pan, nicolae_pan_gloorx_vloqian_3, evilmike_mini_pan_3x3,
          nicolae_pan_sigil_itan, reaverb_pan_chaos_star, rand_demon_9,
          evilmike_mini_pan_thingy, uniq_mnoleg, nicolae_pan_cerebovesque_4,
          evilmike_mini_pan_corridor, pan_blood_fountain,
          nicolae_pan_sigil_eeng, evilmike_mini_pan_doors,
          evilmike_mini_pan_doors, lemuel_hall_of_pain, nicolae_pan_sigil_itan,
          evilmike_mini_pan_rooms, pan_blood_fountain, pan_blood_fountain_small,
          nicolae_pan_strange_glyphs, rand_demon_3, uniq_mnoleg, rand_demon_9,
          uniq_mnoleg, rand_demon_1, uniq_mnoleg, grunt_pan_frozen_over,
          evilmike_mini_pan_doors_b, pan_blood_fountain_2,
          nicolae_pan_mnolegish_2, evilmike_gloorx_vloq_box,
          nicolae_pan_giant_door, nicolae_pan_mnolegish_1,
          evilmike_mini_pan_doors_b, reaverb_pan_squares,
          evilmike_mini_pan_murderfest, cerebov_st, uniq_mnoleg, rand_demon_3,
          evilmike_mini_pan_other_thingy, pan_blood_fountain,
          pan_blood_fountain_small, nicolae_pan_giant_door,
          pan_blood_fountain_small, evilmike_mini_pan_diamond,
          pan_blood_fountain_small, nicolae_pan_gloorx_vloqian_2,
          nicolae_pan_strange_glyphs, grunt_pan_spiral, pan_blood_fountain_2,
          nicolae_pan_sick_transit, rand_demon_3, nicolae_pan_gloorx_vloqian_2,
          rand_demon_4, evilmike_holy_pan, evilmike_mini_pan_thingy,
          grunt_pan_pentagram, evilmike_mini_pan_diamond, pan_blood_fountain,
          evilmike_mini_pan_corner, rand_demon_8, nicolae_pan_sigil_nadil,
          grunt_pan_in_and_out, lom_lobon
Zig:3:    ziggurat_pillar_centre_c
Zig:8:    ziggurat_pillar_centre_smoke
IceCv:    ice_cave_statue_garden_chambered

Skill      XL: |  1  2  3  4  5  6  7  8  9 10 11 12 13 14 15 16 17 18 19 20 21 22 23 24 25 26 27 |
---------------+----------------------------------------------------------------------------------+-----
Stealth        | 3 4 6 7 9 10 11 13 14 15 16 18 20 22 24 | 24.0
Dodging        | 3 4 5 6 8 9 12 13 14 15 16 17 18 19 21 23 24 25 27 | 27.0
Ice Magic      | 3 4 |  4.2
Unarmed Combat | 1 2 3 4 6 8 9 10 13 14 15 16 17 18 20 22 | 22.1
Fighting       | 1 2 3 4 6 7 8 10 11 12 13 14 16 18 19 20 27 | 27.0
Invocations    | 1 2 3 4 5 6 7 8 10 11 12 13 14 16 17 18 27 | 27.0
Transmutations | 5 6 7 8 10 | 10.2
Spellcasting   | 4 5 7 9 12 | 12.0
Evocations     | 1 3 24 | 24.7
Earth Magic    | 3 7 10 | 10.1
Translocations | 4 13 16 | 16.8
Charms         | 3 4 7 |  7.0
Necromancy     | 2 3 |  3.0
Air Magic      | 3 |  3.8
Hexes          | 5 |  5.6
Conjurations   | |  0.8

Action                   |  1- 3 |  4- 6 |  7- 9 | 10-12 | 13-15 | 16-18 | 19-21 | 22-24 | 25-27 || total
-------------------------+-------+-------+-------+-------+-------+-------+-------+-------+-------++-------
Melee: Unarmed           |    20 |   151 |   219 |   968 |   833 |  1128 |   882 |   729 |  4512 ||  9442
       Bite              |     1 |    13 |    30 |   179 |   154 |   195 |   156 |   130 |   759 ||  1617
       Punch             |     1 |       |     9 |    81 |    90 |   127 |   137 |   106 |   666 ||  1217
 Cast: Freeze            |    14 |    86 |    44 |       |       |       |       |       |       ||   144
       Statue Form       |       |       |       |     1 |    40 |    70 |    41 |    40 |   258 ||   450
       Regeneration      |       |       |       |       |       |    39 |    68 |    62 |   368 ||   537
       Controlled Blink  |       |       |       |       |       |     2 |     2 |     7 |    58 ||    69
       Deflect Missiles  |       |       |       |       |       |     1 |     5 |     2 |    18 ||    26
       Passwall          |       |       |       |       |       |       |       |       |    30 ||    30
       Lee's Rapid Decon |       |       |       |       |       |       |       |       |    13 ||    13
Invok: Slouch            |       |       |     3 |    13 |     7 |     9 |     8 |     8 |    51 ||    99
       Temporal Distorti |       |       |       |     3 |       |     2 |     4 |     7 |    16 ||    32
       Bend Time         |       |       |       |       |       |     1 |       |       |       ||     1
 Abil: End Transformatio |       |       |       |       |     2 |       |       |       |     1 ||     3
Evoke: Wand              |     1 |    10 |     9 |    58 |    21 |     1 |       |     2 |    21 ||   123
       Lightning rod     |       |       |       |     8 |     4 |       |     4 |       |       ||    16
       Phial of floods   |       |       |       |     1 |     1 |       |       |       |       ||     2
       Box of beasts     |       |       |       |       |       |     6 |     2 |     2 |       ||    10
       Fan of gales      |       |       |       |       |       |       |       |       |     1 ||     1
       Figurine of a zig |       |       |       |       |       |       |       |       |     1 ||     1
  Use: Scroll            |     2 |     4 |     3 |    28 |    17 |     7 |    10 |     6 |    37 ||   114
       Potion            |       |     1 |       |    14 |     9 |     2 |     5 |     3 |    25 ||    59
 Stab: Sleeping          |     4 |    28 |    31 |    30 |    11 |    17 |    11 |     5 |    60 ||   197
       Confused          |     4 |       |     2 |     7 |       |       |       |       |       ||    13
       Paralysed         |       |     3 |     3 |     7 |       |       |       |       |       ||    13
       Distracted        |       |       |       |     4 |     2 |       |       |     3 |    20 ||    29
  Eat: Chunk             |     8 |     7 |     8 |    36 |    36 |    23 |    16 |     9 |    70 ||   213
       Royal jelly       |       |       |       |       |       |       |       |     6 |     9 ||    15
Armor: Skin              |     1 |    33 |    26 |    96 |   162 |   434 |   251 |   194 |  1310 ||  2507
Dodge: Dodged            |    26 |   201 |   208 |   898 |  1134 |  2782 |  1913 |  1549 | 11386 || 20097
       Deflected         |       |       |       |       |       |     4 |    20 |     4 |    99 ||   127
Block: Other             |       |       |       |       |       |       |       |    12 |  1244 ||  1256
